 Dungeon Crawl Stone Soup version 0.17-a0-1663-gb806841 (webtiles) character file.

422 karlkraus the Shield-Bearer (level 6, 0/55 HPs)
             Began as a Minotaur Fighter on Aug 17, 2015.
             Slain by a quokka (3 damage)
             ... on level 4 of the Dungeon.
             The game lasted 00:06:28 (3027 turns).

karlkraus the Shield-Bearer (Minotaur Fighter)      Turns: 3027, Time: 00:06:28

Health: 0/55       AC:  7    Str: 21    XL:     6   Next: 63%
Magic:  5/5        EV:  9    Int:  5    God:
Gold:   200        SH: 10    Dex: 11    Spells: 0 memorised, 5 levels left

rFire  . . .     SeeInvis .     a - +0 flail
rCold  . . .     Clarity  .     b - +0 scale mail
rNeg   . . .     SustAt   .     c - +0 shield
rPois  .         Gourm    .     (helmet restricted)
rElec  .         Spirit   .     (no cloak)
rCorr  .         Warding  .     (no gloves)
rMut   .         Stasis   .     (no boots)
MR     .....                    (no amulet)
Stlth  ..........               (no ring)
                                (no ring)

@: not resistant to hostile enchantments, extremely unstealthy
A: retaliatory headbutt, horns 2
a: no special abilities


You were on level 4 of the Dungeon.
You were not hungry.

You visited 1 branch of the dungeon, and saw 4 of its levels.

You collected 200 gold pieces.

Inventory:

Hand weapons
 a - a +0 flail (weapon)
Armour
 b - a +0 scale mail (worn)
 c - a +0 shield (worn)
Jewellery
 q - a cursed -2 ring of intelligence {unknown}
Scrolls
 j - 2 scrolls of remove curse
 k - a scroll of enchant weapon {unknown}
 m - a scroll of random uselessness {unknown}
 n - a scroll of recharging {unknown}
 o - a scroll of identify {unknown}
Potions
 d - 6 potions of might
 h - a potion of curing
 i - a potion of cancellation {unknown}
 l - a potion of ambrosia {unknown}
 p - a potion of poison {unknown}
 r - a potion of magic
Comestibles
 e - 3 bread rations
 f - 2 meat rations
 g - a slice of pizza
 s - a chunk of flesh


   Skills:
 + Level 4.8 Fighting
 + Level 3.9 Maces & Flails
 + Level 5.5 Armour
 + Level 2.5 Dodging
 + Level 0.6 Stealth
 + Level 5.6 Shields


You had 5 spell levels left.
You didn't know any spells.

Dungeon Overview and Level Annotations

Branches:
Dungeon (4/15)
 Temple: D:4-7

Altars:
Elyvilon
Fedhas
Nemelex Xobeh
Okawaru
Ru
Yredelemnul


Innate Abilities, Weirdness & Mutations

You reflexively headbutt those who attack you in melee.
You have a pair of horns on your head.


Message History

You block the orc priest's attack. The orc hits you but does no damage.
The quokka closely misses you. You furiously retaliate!
You headbutt the quokka.
Things that are here:
a morningstar; a leather armour; an orc corpse Your shield prevents you from hitting the orc priest.
The orc priest mumbles some strange prayers to Beogh against you.
Something smites you!
* * * LOW HITPOINT WARNING * * *
You block the quokka's attack. The orc hits you.
* * * LOW HITPOINT WARNING * * *
You sock the orc priest!
The orc priest is almost dead.
The orc priest barely misses you. You block the quokka's attack.
You block the orc's attack.
Unknown command.
You closely miss the orc priest.
The orc priest is almost dead.
The quokka bites you.
You die...

.....#......#
............## #
.............#.#
...........#...
......!..#)..
...........#
(.....))o.##
#...r@..#
#....o..###
##...$....######.#
##.....<.)......#
##.####....#####
#..# ####..# #.##
#..# .. #.# #.# .#


You could see an orc priest, an orc and a quokka.

Vanquished Creatures
  An ogre (D:4)
  Ijyb (D:2)
  2 orc priests
  3 orc wizards (D:3)
  4 gnolls (D:3)
  4 adders
  2 oozes (D:2)
  4 worms (D:2)
  9 orcs
  8 bats
  4 giant cockroaches
  8 hobgoblins
  2 jackals (D:2)
  A quokka (D:2)
  2 giant geckos (D:2)
  A giant gecko skeleton (D:4)
  7 giant newts
  7 goblins
  A jackal skeleton (D:3)
  8 kobolds
  9 rats
88 creatures vanquished.

Notes
Turn   | Place    | Note
--------------------------------------------------------------
     0 | D:1      | karlkraus the Minotaur Fighter began the quest for the Orb.
     0 | D:1      | Reached XP level 1. HP: 19/19 MP: 0/0
   208 | D:1      | Reached skill level 4 in Armour
   222 | D:1      | Reached XP level 2. HP: 20/27 MP: 1/1
   748 | D:2      | Reached XP level 3. HP: 33/33 MP: 2/2
   982 | D:2      | Noticed Ijyb
  1010 | D:2      | Killed Ijyb
  1010 | D:2      | Reached skill level 1 in Dodging
  1010 | D:2      | Reached XP level 4. HP: 32/40 MP: 3/3
  1311 | D:2      | Found an iron altar of Okawaru.
  1489 | D:2      | Reached XP level 5. HP: 47/47 MP: 4/4
  1891 | D:3      | Found a basalt altar of Yredelemnul.
  1986 | D:3      | Found a blossoming altar of Fedhas.
  1986 | D:3      | Found a sacrificial altar of Ru.
  1987 | D:3      | Found a white marble altar of Elyvilon.
  2141 | D:3      | Reached skill level 5 in Shields
  2156 | D:3      | HP: 2/47 [orc priest/short sword (2)]
  2159 | D:3      | Reached skill level 5 in Armour
  2491 | D:3      | Found a sparkling altar of Nemelex Xobeh.
  2747 | D:3      | Reached XP level 6. HP: 53/53 MP: 5/5
  3025 | D:4      | HP: 2/55 [orc (2)]
  3027 | D:4      | Slain by a quokka

Vault maps used:
D:1:      minmay_arrival_four_houses
D:2:      okawaru_ov_weapons_minmay, first_bread, guppyfry_early_orc_mine,
          uniq_iyjb
D:3:      overflow_temple_1_default, nemelex_altar_shiori,
          gammafunk_temple_overflow_claw, serial_forest,
          infiniplex_forest_clump_cross, infiniplex_forest_clump_cross,
          infiniplex_forest_end_3, infiniplex_forest_clump_tiny,
          infiniplex_forest_side_room, infiniplex_forest_lined_3
D:4:      grunt_temple_overflow_champion_of_chaos

Action                   |  1- 3 |  4- 6 || total
-------------------------+-------+-------++-------
Melee: Flail             |   122 |   148 ||   270
  Use: Scroll            |     1 |       ||     1
       Potion            |       |     3 ||     3
  Eat: Chunk             |       |     6 ||     6
       Beef jerky        |       |     1 ||     1
